WASHINGTON vs TORONTO

Created - February-11-21 at 15:00

Goals
1 2 3 T
WASHINGTON 0 0 0 0
TORONTO 1 0 1 2
Shots
1 2 3 T
WASHINGTON 5 7 9 21
TORONTO 6 7 8 21

1st period

1. TORONTO , Jordan Martinook 3 (Ethan Bear 6, Anton Khudobin) at 11:15

Penalties :
Jeff Skinner (TOR) for Goalie Interference (Minor) at 1:42, Kevin Shattenkirk (TOR) for Charging (Double Minor) at 6:10, Casey Cizikas (WSH) for Hooking (Minor) at 9:02

2nd period

No Goal

Penalties :
Ryan Reaves (TOR) for Hooking (Minor) at 2:30, Blake Wheeler (WSH) for Roughing (Minor) at 18:51

3rd period

2. TORONTO , Nick Suzuki 1 (Alex Pietrangelo 7) at 4:21

Penalties :
No Penalty

Goalie Stats

Carter Hart (WSH), 19 saves from 21 shots - (0.905), L, 2-3-3, 60:00 minutes
Anton Khudobin (TOR), 21 saves from 21 shots - (1.000), W, 6-10-1, 60:00 minutes

Players Stats for WASHINGTON

Player Name              G  A  P  +/- PIM S  H  SB GA TA FO     MP     PP MP  PK MP  
------------------------------------------------------------------------------------
Blake Wheeler            0  0  0   0  2   2  1  0  0  0  0/1    20:28   3:37   0:00 
Brayden Schenn           0  0  0   0  0   4  2  0  0  0  0/0    19:51   3:37   0:00 
Brendan Gallagher        0  0  0  -1  0   1  0  0  0  0  0/0    18:41   2:38   0:00 
Cal Clutterbuck          0  0  0  -1  0   3  2  0  0  0  1/1    11:20   0:00   0:07 
Cale Fleury              0  0  0  -1  0   0  0  1  0  0  0/0    12:46   0:00   0:00 
Casey Cizikas            0  0  0  -1  2   2  1  0  0  0  1/3    15:40   3:12   1:23 
Christian Fischer        0  0  0   0  0   2  0  0  0  0  0/0     6:35   0:35   0:14 
Clayton Keller           0  0  0  -1  0   1  1  0  0  0  0/1    18:41   2:38   0:00 
Damon Severson           0  0  0   0  0   1  4  0  0  0  0/0    22:53   3:37   0:51 
Dylan DeMelo             0  0  0   0  0   1  1  4  0  0  0/0    20:35   0:35   1:20 
Jeff Carter              0  0  0   0  0   0  0  2  0  0  9/14   20:10   2:24   1:07 
Jujhar Khaira            0  0  0   0  0   0  1  0  0  0  0/0     6:00   0:00   0:14 
Luke Glendening          0  0  0  -1  0   0  1  0  0  0  8/15   11:20   0:00   0:07 
Ryan Graves              0  0  0  -1  0   0  3  0  0  0  0/0    23:17   2:38   1:31 
Ryan O'Reilly            0  0  0  -1  0   0  0  0  0  0  19/30  21:44   3:37   1:30 
Sam Bennett              0  0  0   0  0   1  0  0  0  0  2/6     8:08   0:49   1:00 
Victor Hedman            0  0  0  -1  0   2  2  0  0  0  0/0    24:57   4:12   1:52 
Victor Mete              0  0  0  -1  0   1  0  0  0  0  0/0    12:54   0:00   0:08 

Players Stats for TORONTO

Player Name              G  A  P  +/- PIM S  H  SB GA TA FO     MP     PP MP  PK MP  
------------------------------------------------------------------------------------
Alex Pietrangelo         0  1  1   1  0   2  0  0  0  0  0/0    23:13   2:07   3:26 
Brady Tkachuk            0  0  0   0  0   0  2  1  0  0  0/1    17:27   1:47   0:45 
Brayden Point            0  0  0   0  0   2  0  0  0  0  12/24  23:24   1:04   3:32 
Curtis Lazar             0  0  0   1  0   0  0  0  0  0  7/10    9:31   0:00   2:31 
Ethan Bear               0  1  1   1  0   1  1  1  0  0  0/0    14:13   0:00   0:28 
Jeff Skinner             0  0  0   1  2   2  2  0  0  0  1/2    11:22   1:47   0:00 
Joe Pavelski             0  0  0   0  0   2  4  0  0  0  0/2    19:44   1:04   0:21 
Jordan Martinook         1  0  1   1  0   2  0  0  0  0  0/2     9:31   0:00   2:31 
Jordie Benn              0  0  0   1  0   0  3  0  0  0  0/0    16:31   0:00   3:15 
Josh Morrissey           0  0  0   1  0   1  2  1  0  0  0/0    21:42   0:44   3:18 
Justin Williams          0  0  0   0  0   1  0  0  0  0  0/2    14:17   0:00   0:00 
Kevin Shattenkirk        0  0  0   0  4   0  1  2  0  0  0/0    21:00   2:07   0:00 
Mark Scheifele           0  0  0   0  0   5  0  0  0  0  7/14   15:59   1:04   0:00 
Matt Niskanen            0  0  0   0  0   0  0  1  0  0  0/0    23:20   0:44   3:13 
Nick Suzuki              1  0  1   1  0   1  0  0  0  0  4/13   11:23   1:47   0:00 
Ondrej Palat             0  0  0   0  0   2  0  1  0  0  0/1    21:49   0:00   3:01 
Oskar Lindblom           0  0  0   1  0   0  1  0  0  0  0/0     9:36   0:00   0:00 
Ryan Reaves              0  0  0   1  2   0  1  0  0  0  0/0     7:58   0:00   0:59 

3 Stars

1 - Anton Khudobin (TOR)
2 - Nick Suzuki (TOR)
3 - Jordan Martinook (TOR)

Power Play

WASHINGTON - 0 on 4 Attempt(s) - 0.00%
TORONTO - 0 on 2 Attempt(s) - 0.00%

Penalty Kill

WASHINGTON - 2 on 2 Attempt(s) - 100.00% - Score 0 goal in Penalty Kill
TORONTO - 4 on 4 Attempt(s) - 100.00% - Score 0 goal in Penalty Kill

Team Stat

WASHINGTON - Hits : 19 - Faceoff Wins : 40 - Blocked Shots : 7 - Penalty Minutes : 4
TORONTO - Hits : 17 - Faceoff Wins : 31 - Blocked Shots : 7 - Penalty Minutes : 8

Official

Referees : Mike Campbell and Tim Peel
Linesman : Luke Galvin and Brian Murphy

Game Notes

No Game Note

Finance

Level 1 -- Attendance: 5768 (96.13%) -- Ticket Income $392,224
Level 2 -- Attendance: 4557 (91.14%) -- Ticket Income $250,635
Level 3 -- Attendance: 2000 (100.00%) -- Ticket Income $62,000
Level 4 -- Attendance: 2830 (70.75%) -- Ticket Income $62,260
Luxury Box -- Attendance: 905 (90.50%) -- Ticket Income $122,175
Game was played at the Air Canada Center.
Total Attendance: 16060 (89.22%)
Total Ticket Income: $889,294
Total Income: $889,294

WASHINGTON

5 vs 5 Forward 
   Center                   Left Wing                Right Wing               Time % Phy DF OF 
 1 Ryan O'Reilly            Clayton Keller           Brendan Gallagher        36     0   2  3  
 2 Jeff Carter              Brayden Schenn           Blake Wheeler            35     1   1  3  
 3 Luke Glendening          Casey Cizikas            Cal Clutterbuck          24     2   2  1  
 4 Sam Bennett              Jujhar Khaira            Christian Fischer        5      2   2  1  

5 vs 5 Defense 
   Defense                  Defense                                           Time % Phy DF OF 
 1 Victor Hedman            Ryan Graves                                       45     0   3  2  
 2 Damon Severson           Dylan DeMelo                                      35     0   3  2  
 3 Victor Mete              Cale Fleury                                       11     0   3  2  
 4 Victor Hedman            Damon Severson                                    9      0   2  3  

PowerPlay Forward 
   Center                   Left Wing                Right Wing               Time % Phy DF OF 
 1 Ryan O'Reilly            Brayden Schenn           Blake Wheeler            70     0   0  5  
 2 Casey Cizikas            Clayton Keller           Jeff Carter              30     0   1  4  

PowerPlay Defense
   Defense                  Defense                                           Time % Phy DF OF 
 1 Victor Hedman            Damon Severson                                    70     0   1  4  
 2 Ryan Graves              Brendan Gallagher                                 30     0   1  4  

Penalty Kill 4 Players Forward 
   Center                   Wing                     Time % Phy DF OF 
 1 Ryan O'Reilly            Casey Cizikas            60     0   5  0  
 2 Luke Glendening          Cal Clutterbuck          40     0   5  0  

Penalty Kill 4 Players Defense
   Defense                  Defense                  Time % Phy DF OF 
 1 Victor Hedman            Ryan Graves              60     0   5  0  
 2 Damon Severson           Dylan DeMelo             40     0   5  0  

Penalty Kill - 3 Players Forward 
   Forward                                           Time % Phy DF OF 
 1 Ryan O'Reilly                                     60     0   5  0  
 2 Luke Glendening                                   40     0   5  0  

Penalty Kill - 3 Players Defense
   Defense                  Defense                  Time % Phy DF OF 
 1 Victor Hedman            Ryan Graves              60     0   5  0  
 2 Damon Severson           Dylan DeMelo             40     0   5  0  

4 vs 4 Forward 
   Center                   Wing                     Time % Phy DF OF 
 1 Ryan O'Reilly            Blake Wheeler            60     0   2  3  
 2 Casey Cizikas            Brayden Schenn           40     0   2  3  

4 vs 4 Defense
   Defense                  Defense                  Time % Phy DF OF 
 1 Victor Hedman            Ryan Graves              60     0   3  2  
 2 Damon Severson           Dylan DeMelo             40     0   3  2  

Last Minutes Offensive
   Center                   Left Wing                Right Wing               Defense                  Defense                  
   Ryan O'Reilly            Brayden Schenn           Blake Wheeler            Victor Hedman            Damon Severson           

Last Minutes Defensive
   Center                   Left Wing                Right Wing               Defense                  Defense                  
   Ryan O'Reilly            Casey Cizikas            Blake Wheeler            Victor Hedman            Ryan Graves              

Goaltenders
Starting : Carter Hart              
Backup : Semyon Varlamov          

Extra Forwards
Normal : Blake Wheeler, Ryan O'Reilly, Brayden Schenn - PP : Sam Bennett, Blake Wheeler - PK : Blake Wheeler
Extra Defensemen
Normal : Damon Severson, Victor Hedman, Ryan Graves - PP : Damon Severson - PK : Damon Severson, Victor Hedman
Penalty Shots
Blake Wheeler, Ryan O'Reilly, Casey Cizikas, Victor Hedman, Brayden Schenn

Scratches
WSH Cap Hit (Suspend), Martin Frk (Healthy)

TORONTO

5 vs 5 Forward 
   Center                   Left Wing                Right Wing               Time % Phy DF OF 
 1 Brayden Point            Ondrej Palat             Joe Pavelski             35     1   2  2  
 2 Mark Scheifele           Brady Tkachuk            Justin Williams          30     1   2  2  
 3 Nick Suzuki              Oskar Lindblom           Jeff Skinner             20     1   2  2  
 4 Curtis Lazar             Jordan Martinook         Ryan Reaves              15     2   2  1  

5 vs 5 Defense 
   Defense                  Defense                                           Time % Phy DF OF 
 1 Josh Morrissey           Alex Pietrangelo                                  35     1   2  2  
 2 Matt Niskanen            Kevin Shattenkirk                                 35     1   2  2  
 3 Ethan Bear               Jordie Benn                                       25     1   3  1  
 4 Alex Pietrangelo         Matt Niskanen                                     5      1   2  2  

PowerPlay Forward 
   Center                   Left Wing                Right Wing               Time % Phy DF OF 
 1 Joe Pavelski             Mark Scheifele           Brayden Point            60     1   2  2  
 2 Nick Suzuki              Brady Tkachuk            Jeff Skinner             40     1   2  2  

PowerPlay Defense
   Defense                  Defense                                           Time % Phy DF OF 
 1 Alex Pietrangelo         Kevin Shattenkirk                                 60     1   2  2  
 2 Matt Niskanen            Josh Morrissey                                    40     1   2  2  

Penalty Kill 4 Players Forward 
   Center                   Wing                     Time % Phy DF OF 
 1 Brayden Point            Ondrej Palat             60     1   3  1  
 2 Curtis Lazar             Jordan Martinook         40     1   3  1  

Penalty Kill 4 Players Defense
   Defense                  Defense                  Time % Phy DF OF 
 1 Alex Pietrangelo         Matt Niskanen            60     1   3  1  
 2 Josh Morrissey           Jordie Benn              40     1   3  1  

Penalty Kill - 3 Players Forward 
   Forward                                           Time % Phy DF OF 
 1 Ondrej Palat                                      60     1   3  1  
 2 Jordan Martinook                                  40     1   3  1  

Penalty Kill - 3 Players Defense
   Defense                  Defense                  Time % Phy DF OF 
 1 Alex Pietrangelo         Matt Niskanen            60     1   3  1  
 2 Josh Morrissey           Jordie Benn              40     1   3  1  

4 vs 4 Forward 
   Center                   Wing                     Time % Phy DF OF 
 1 Brayden Point            Ondrej Palat             60     1   2  2  
 2 Mark Scheifele           Brady Tkachuk            40     1   2  2  

4 vs 4 Defense
   Defense                  Defense                  Time % Phy DF OF 
 1 Josh Morrissey           Alex Pietrangelo         60     1   2  2  
 2 Matt Niskanen            Ethan Bear               40     1   2  2  

Last Minutes Offensive
   Center                   Left Wing                Right Wing               Defense                  Defense                  
   Mark Scheifele           Jeff Skinner             Brayden Point            Alex Pietrangelo         Kevin Shattenkirk        

Last Minutes Defensive
   Center                   Left Wing                Right Wing               Defense                  Defense                  
   Brayden Point            Ondrej Palat             Mark Scheifele           Alex Pietrangelo         Matt Niskanen            

Goaltenders
Starting : Anton Khudobin           
Backup : Jonathan Quick           

Extra Forwards
Normal : Joe Pavelski, Jordan Martinook, Oskar Lindblom - PP : Justin Williams, Oskar Lindblom - PK : Ryan Reaves
Extra Defensemen
Normal : Ethan Bear, Jordie Benn, Matt Niskanen - PP : Ethan Bear - PK : Jordie Benn, Alex Pietrangelo
Penalty Shots
Brayden Point, Mark Scheifele, Jeff Skinner, Ondrej Palat, Brady Tkachuk

Scratches
TOR Cap Hit (Suspend)

% Time on Ice - WASHINGTON

Lines # - Real PCT - Wanted PCT - Time Play
Normal Forward
1 - 33% - 36% - 16:03
2 - 33% - 35% - 16:10
3 - 23% - 24% - 11:13
4 - 12% - 5% - 5:46
Normal Defense
1 - 37% - 45% - 18:05
2 - 36% - 35% - 17:34
3 - 26% - 11% - 12:46
4 - 2% - 9% - 0:47
PP Forward
1 - 53% - 70% - 3:37
2 - 47% - 30% - 3:13
PP Defense
1 - 61% - 70% - 4:12
2 - 39% - 30% - 2:38
PK Forward
1 - 96% - 60% - 2:44
2 - 4% - 40% - 0:07
PK Defense
1 - 70% - 60% - 2:00
2 - 30% - 40% - 0:51
PK3 Forward
1 - 0% - 60%
2 - 0% - 40%
PK3 Defense
1 - 0% - 60%
2 - 0% - 40%
44 Forward
1 - 94% - 60% - 1:03
2 - 6% - 40% - 0:04
44 Defense
1 - 94% - 60% - 1:03
2 - 6% - 40% - 0:04
Last Minute Offensive  - 0:00
Last Minute Defensive  - 0:00
Total
Forward - 60:00
Defense - 60:00

% Time on Ice - TORONTO

Lines # - Real PCT - Wanted PCT - Time Play
Normal Forward
1 - 37% - 35% - 18:19
2 - 29% - 30% - 14:17
3 - 20% - 20% - 9:36
4 - 14% - 15% - 7:00
Normal Defense
1 - 35% - 35% - 17:02
2 - 38% - 35% - 18:54
3 - 27% - 25% - 13:16
4 - 0% - 5% - 0:00
PP Forward
1 - 37% - 60% - 1:04
2 - 63% - 40% - 1:47
PP Defense
1 - 74% - 60% - 2:07
2 - 26% - 40% - 0:44
PK Forward
1 - 63% - 60% - 4:19
2 - 37% - 40% - 2:31
PK Defense
1 - 52% - 60% - 3:32
2 - 48% - 40% - 3:18
PK3 Forward
1 - 0% - 60%
2 - 0% - 40%
PK3 Defense
1 - 0% - 60%
2 - 0% - 40%
44 Forward
1 - 43% - 60% - 0:29
2 - 57% - 40% - 0:38
44 Defense
1 - 57% - 60% - 0:38
2 - 43% - 40% - 0:29
Last Minute Offensive  - 0:00
Last Minute Defensive  - 0:00
Total
Forward - 60:00
Defense - 60:00

Play-by-Play

1st period


0:01 of 1st period - Brayden Point wins face-off versus Ryan O'Reilly in neutral zone.
0:10 of 1st period - Shot by Clayton Keller.
0:10 of 1st period - Shot Blocked by Josh Morrissey.
0:25 of 1st period - Brendan Gallagher is hit by Josh Morrissey and loses puck.
1:25 of 1st period - Shot by Mark Scheifele.
1:25 of 1st period - Shot Hit the Post.
1:42 of 1st period - Minor Penalty to Jeff Skinner for Goalie Interference.
1:43 of 1st period - Brayden Point wins face-off versus Casey Cizikas in TORONTO zone.
3:01 of 1st period - Ethan Bear is hit by Brayden Schenn and loses puck.
3:18 of 1st period - Shot by Dylan DeMelo.
3:18 of 1st period - Stopped by Anton Khudobin with a rebound.
3:20 of 1st period - Shot by Dylan DeMelo.
3:20 of 1st period - Shot Misses the Net.
4:06 of 1st period - Shot by Christian Fischer.
4:06 of 1st period - Shot Misses the Net.
4:26 of 1st period - Cale Fleury is hit by Jordie Benn.
4:58 of 1st period - Ryan O'Reilly is hit by Ethan Bear and loses puck.
5:11 of 1st period - Icing by Justin Williams.
5:12 of 1st period - Jeff Carter wins face-off versus Mark Scheifele in TORONTO zone.
5:12 of 1st period - Jeff Carter is hit by Jordie Benn.
5:28 of 1st period - Shot by Blake Wheeler.
5:28 of 1st period - Stopped by Anton Khudobin without a rebound.
5:29 of 1st period - Luke Glendening wins face-off versus Brayden Point in TORONTO zone.
5:44 of 1st period - Shot by Brayden Point.
5:44 of 1st period - Shot Misses the Net.
6:05 of 1st period - Icing by Cale Fleury.
6:06 of 1st period - Luke Glendening wins face-off versus Jordan Martinook in WASHINGTON zone.
6:10 of 1st period - Double Minor Penalty to Kevin Shattenkirk for Charging.
6:11 of 1st period - Ryan O'Reilly wins face-off versus Ondrej Palat in TORONTO zone.
6:26 of 1st period - Shot by Victor Hedman.
6:26 of 1st period - Stopped by Anton Khudobin without a rebound.
6:27 of 1st period - Brayden Point wins face-off versus Ryan O'Reilly in TORONTO zone.
7:02 of 1st period - Shot by Victor Hedman.
7:02 of 1st period - Shot Blocked by Matt Niskanen.
8:05 of 1st period - Off-side.
8:06 of 1st period - Ryan O'Reilly wins face-off versus Brayden Point in neutral zone.
8:54 of 1st period - Icing by Jeff Carter.
8:55 of 1st period - Brayden Point wins face-off versus Casey Cizikas in WASHINGTON zone.
9:02 of 1st period - Minor Penalty to Casey Cizikas for Hooking.
9:03 of 1st period - Brayden Point wins face-off versus Sam Bennett in WASHINGTON zone.
9:26 of 1st period - Shot by Jeff Carter.
9:26 of 1st period - Shot Misses the Net.
9:31 of 1st period - Off-side.
9:32 of 1st period - Mark Scheifele wins face-off versus Blake Wheeler in neutral zone.
9:51 of 1st period - Shot by Mark Scheifele.
9:51 of 1st period - Shot Hit the Post.
10:13 of 1st period - Shot by Josh Morrissey.
10:13 of 1st period - Shot Blocked by Dylan DeMelo.
10:59 of 1st period - Jeff Carter is hit by Joe Pavelski.
11:11 of 1st period - Shot by Jordan Martinook.
11:11 of 1st period - Shot Misses the Net.
11:13 of 1st period - Shot by Jordan Martinook.
11:13 of 1st period - Stopped by Carter Hart with a rebound.
11:15 of 1st period - Shot by Jordan Martinook.
11:15 of 1st period - Goal by Jordan Martinook - WASHINGTON : 0 - TORONTO : 1.
11:16 of 1st period - Brayden Point wins face-off versus Luke Glendening in neutral zone.
11:46 of 1st period - Off-side.
11:47 of 1st period - Nick Suzuki wins face-off versus Sam Bennett in neutral zone.
12:18 of 1st period - Sam Bennett is hit by Jeff Skinner and loses puck.
12:24 of 1st period - Dylan DeMelo is hit by Oskar Lindblom and loses puck.
13:01 of 1st period - Shot by Josh Morrissey.
13:01 of 1st period - Stopped by Carter Hart without a rebound.
13:02 of 1st period - Jeff Carter wins face-off versus Brayden Point in WASHINGTON zone.
13:02 of 1st period - Jeff Carter is hit by Joe Pavelski.
13:09 of 1st period - Blake Wheeler is hit by Jordie Benn and loses puck.
14:00 of 1st period - Mark Scheifele is hit by Ryan Graves and loses puck.
14:11 of 1st period - Shot by Mark Scheifele.
14:11 of 1st period - Stopped by Carter Hart without a rebound.
14:12 of 1st period - Curtis Lazar wins face-off versus Ryan O'Reilly in WASHINGTON zone.
15:27 of 1st period - Shot by Justin Williams.
15:27 of 1st period - Deflect By Mark Scheifele.
15:27 of 1st period - Stopped by Carter Hart without a rebound.
15:28 of 1st period - Brayden Point wins face-off versus Sam Bennett in WASHINGTON zone.
15:28 of 1st period - Brayden Point is hit by Victor Hedman.
16:12 of 1st period - Brayden Point is hit by Dylan DeMelo and loses puck.
16:19 of 1st period - Shot by Jeff Carter.
16:19 of 1st period - Deflect By Brayden Schenn.
16:19 of 1st period - Stopped by Anton Khudobin without a rebound.
16:20 of 1st period - Ryan O'Reilly wins face-off versus Mark Scheifele in TORONTO zone.
16:23 of 1st period - Shot by Clayton Keller.
16:23 of 1st period - Shot Misses the Net.
16:31 of 1st period - Shot by Brendan Gallagher.
16:31 of 1st period - Stopped by Anton Khudobin without a rebound.
16:32 of 1st period - Nick Suzuki wins face-off versus Jeff Carter in TORONTO zone.
16:55 of 1st period - Shot by Oskar Lindblom.
16:55 of 1st period - Shot Blocked by Jeff Carter.
17:23 of 1st period - Icing by Matt Niskanen.
17:24 of 1st period - Ryan O'Reilly wins face-off versus Nick Suzuki in TORONTO zone.
17:55 of 1st period - Alex Pietrangelo is hit by Clayton Keller and loses puck.
18:12 of 1st period - Off-side.
18:13 of 1st period - Mark Scheifele wins face-off versus Luke Glendening in neutral zone.
18:30 of 1st period - Shot by Mark Scheifele.
18:30 of 1st period - Shot Blocked by Cale Fleury.
18:59 of 1st period - Mark Scheifele is hit by Damon Severson and loses puck.
19:23 of 1st period - Icing by Josh Morrissey.
19:24 of 1st period - Brayden Point wins face-off versus Ryan O'Reilly in TORONTO zone.
19:29 of 1st period - Shot by Alex Pietrangelo.
19:29 of 1st period - Stopped by Carter Hart without a rebound.
19:30 of 1st period - Curtis Lazar wins face-off versus Ryan O'Reilly in WASHINGTON zone.
19:38 of 1st period - Shot by Curtis Lazar.
19:38 of 1st period - Shot Misses the Net.
Goals for this period are 0 for WASHINGTON vs 1 for TORONTO.
Shots for this period are 5 for WASHINGTON vs 6 for TORONTO.

2nd period


0:01 of 2nd period - Ryan O'Reilly wins face-off versus Joe Pavelski in neutral zone.
0:09 of 2nd period - Icing by Josh Morrissey.
0:10 of 2nd period - Brayden Point wins face-off versus Jeff Carter in TORONTO zone.
0:10 of 2nd period - Brayden Point is hit by Brayden Schenn.
0:25 of 2nd period - Off-side.
0:26 of 2nd period - Ryan O'Reilly wins face-off versus Mark Scheifele in neutral zone.
1:18 of 2nd period - Shot by Blake Wheeler.
1:18 of 2nd period - Stopped by Anton Khudobin with a rebound.
1:34 of 2nd period - Shot by Brayden Schenn.
1:34 of 2nd period - Stopped by Anton Khudobin with a rebound.
1:42 of 2nd period - Shot by Blake Wheeler.
1:42 of 2nd period - Shot Blocked by Brady Tkachuk.
1:44 of 2nd period - Shot by Brayden Schenn.
1:44 of 2nd period - Stopped by Anton Khudobin without a rebound.
1:45 of 2nd period - Brayden Point wins face-off versus Luke Glendening in TORONTO zone.
2:17 of 2nd period - Shot by Brayden Point.
2:17 of 2nd period - Deflect By Joe Pavelski.
2:17 of 2nd period - Stopped by Carter Hart without a rebound.
2:18 of 2nd period - Ryan O'Reilly wins face-off versus Nick Suzuki in WASHINGTON zone.
2:26 of 2nd period - Icing by Damon Severson.
2:27 of 2nd period - Ryan O'Reilly wins face-off versus Curtis Lazar in WASHINGTON zone.
2:27 of 2nd period - Ryan O'Reilly is hit by Ryan Reaves.
2:30 of 2nd period - Minor Penalty to Ryan Reaves for Hooking.
2:31 of 2nd period - Ryan O'Reilly wins face-off versus Brayden Point in TORONTO zone.
3:14 of 2nd period - Shot by Victor Hedman.
3:14 of 2nd period - Shot Blocked by Ondrej Palat.
3:56 of 2nd period - Shot by Brendan Gallagher.
3:56 of 2nd period - Shot Misses the Net.
4:25 of 2nd period - Shot by Victor Hedman.
4:25 of 2nd period - Shot Misses the Net.
5:13 of 2nd period - Icing by Ethan Bear.
5:14 of 2nd period - Luke Glendening wins face-off versus Nick Suzuki in TORONTO zone.
5:21 of 2nd period - Shot by Cal Clutterbuck.
5:21 of 2nd period - Stopped by Anton Khudobin with a rebound.
5:35 of 2nd period - Shot by Casey Cizikas.
5:35 of 2nd period - Shot Blocked by Ethan Bear.
5:37 of 2nd period - Shot by Luke Glendening.
5:37 of 2nd period - Deflect By Cal Clutterbuck.
5:37 of 2nd period - Shot Misses the Net.
5:39 of 2nd period - Shot by Casey Cizikas.
5:39 of 2nd period - Stopped by Anton Khudobin without a rebound.
5:40 of 2nd period - Ryan O'Reilly wins face-off versus Mark Scheifele in TORONTO zone.
6:11 of 2nd period - Shot by Clayton Keller.
6:11 of 2nd period - Shot Misses the Net.
6:55 of 2nd period - Shot by Ondrej Palat.
6:55 of 2nd period - Stopped by Carter Hart without a rebound.
6:56 of 2nd period - Casey Cizikas wins face-off versus Curtis Lazar in WASHINGTON zone.
8:03 of 2nd period - Shot by Blake Wheeler.
8:03 of 2nd period - Shot Misses the Net.
8:23 of 2nd period - Shot by Brayden Schenn.
8:23 of 2nd period - Shot Misses the Net.
9:28 of 2nd period - Icing by Victor Mete.
9:29 of 2nd period - Ryan O'Reilly wins face-off versus Nick Suzuki in WASHINGTON zone.
10:04 of 2nd period - Shot by Sam Bennett.
10:04 of 2nd period - Stopped by Anton Khudobin without a rebound.
10:05 of 2nd period - Jeff Carter wins face-off versus Curtis Lazar in TORONTO zone.
10:19 of 2nd period - Icing by Josh Morrissey.
10:20 of 2nd period - Curtis Lazar wins face-off versus Luke Glendening in TORONTO zone.
10:20 of 2nd period - Curtis Lazar is hit by Cal Clutterbuck.
11:54 of 2nd period - Ryan Graves is hit by Joe Pavelski and loses puck.
12:03 of 2nd period - Matt Niskanen is hit by Blake Wheeler and loses puck.
13:40 of 2nd period - Josh Morrissey is hit by Jujhar Khaira.
14:57 of 2nd period - Icing by Ryan O'Reilly.
14:58 of 2nd period - Brayden Point wins face-off versus Ryan O'Reilly in WASHINGTON zone.
15:13 of 2nd period - Shot by Brayden Point.
15:13 of 2nd period - Stopped by Carter Hart without a rebound.
15:14 of 2nd period - Curtis Lazar wins face-off versus Jeff Carter in WASHINGTON zone.
15:20 of 2nd period - Icing by Damon Severson.
15:21 of 2nd period - Jeff Carter wins face-off versus Brayden Point in WASHINGTON zone.
15:27 of 2nd period - Icing by Matt Niskanen.
15:28 of 2nd period - Jeff Carter wins face-off versus Brayden Point in TORONTO zone.
15:41 of 2nd period - Shot by Brayden Schenn.
15:41 of 2nd period - Shot Blocked by Kevin Shattenkirk.
15:43 of 2nd period - Shot by Brayden Schenn.
15:43 of 2nd period - Shot Misses the Net.
15:45 of 2nd period - Shot by Victor Hedman.
15:45 of 2nd period - Shot Misses the Net.
15:47 of 2nd period - Shot by Blake Wheeler.
15:47 of 2nd period - Shot Blocked by Kevin Shattenkirk.
15:49 of 2nd period - Shot by Victor Hedman.
15:49 of 2nd period - Stopped by Anton Khudobin without a rebound.
15:50 of 2nd period - Ryan O'Reilly wins face-off versus Mark Scheifele in TORONTO zone.
16:04 of 2nd period - Icing by Ryan O'Reilly.
16:05 of 2nd period - Ryan O'Reilly wins face-off versus Brayden Point in WASHINGTON zone.
16:28 of 2nd period - Shot by Ondrej Palat.
16:28 of 2nd period - Stopped by Carter Hart without a rebound.
16:29 of 2nd period - Jeff Carter wins face-off versus Mark Scheifele in WASHINGTON zone.
16:58 of 2nd period - Shot by Mark Scheifele.
16:58 of 2nd period - Stopped by Carter Hart without a rebound.
16:59 of 2nd period - Luke Glendening wins face-off versus Brayden Point in WASHINGTON zone.
17:12 of 2nd period - Shot by Joe Pavelski.
17:12 of 2nd period - Stopped by Carter Hart with a rebound.
17:51 of 2nd period - Alex Pietrangelo is hit by Casey Cizikas and loses puck.
18:02 of 2nd period - Shot by Jeff Skinner.
18:02 of 2nd period - Stopped by Carter Hart without a rebound.
18:03 of 2nd period - Mark Scheifele wins face-off versus Ryan O'Reilly in WASHINGTON zone.
18:16 of 2nd period - Shot by Brady Tkachuk.
18:16 of 2nd period - Shot Misses the Net.
18:18 of 2nd period - Shot by Brady Tkachuk.
18:18 of 2nd period - Shot Blocked by Dylan DeMelo.
18:20 of 2nd period - Shot by Jordie Benn.
18:20 of 2nd period - Shot Misses the Net.
18:22 of 2nd period - Shot by Ethan Bear.
18:22 of 2nd period - Shot Misses the Net.
18:40 of 2nd period - Shot by Damon Severson.
18:40 of 2nd period - Deflect By Ryan O'Reilly.
18:40 of 2nd period - Shot Misses the Net.
18:51 of 2nd period - Minor Penalty to Blake Wheeler for Roughing.
18:52 of 2nd period - Ryan O'Reilly wins face-off versus Joe Pavelski in WASHINGTON zone.
19:40 of 2nd period - Off-side.
19:41 of 2nd period - Ryan O'Reilly wins face-off versus Nick Suzuki in neutral zone.
Goals for this period are 0 for WASHINGTON vs 0 for TORONTO.
Shots for this period are 7 for WASHINGTON vs 7 for TORONTO.

3rd period


0:01 of 3rd period - Ryan O'Reilly wins face-off versus Mark Scheifele in neutral zone.
0:06 of 3rd period - Shot by Casey Cizikas.
0:06 of 3rd period - Stopped by Anton Khudobin with a rebound.
0:11 of 3rd period - Off-side.
0:12 of 3rd period - Ryan O'Reilly wins face-off versus Nick Suzuki in neutral zone.
0:58 of 3rd period - Brayden Point is hit by Damon Severson and loses puck.
1:04 of 3rd period - Brayden Point is hit by Damon Severson and loses puck.
1:39 of 3rd period - Icing by Jeff Carter.
1:40 of 3rd period - Curtis Lazar wins face-off versus Jeff Carter in WASHINGTON zone.
1:47 of 3rd period - Shot by Ryan Reaves.
1:47 of 3rd period - Shot Blocked by Jeff Carter.
2:06 of 3rd period - Curtis Lazar is hit by Damon Severson and loses puck.
2:32 of 3rd period - Icing by Jordan Martinook.
2:33 of 3rd period - Curtis Lazar wins face-off versus Ryan O'Reilly in TORONTO zone.
2:59 of 3rd period - Shot by Justin Williams.
2:59 of 3rd period - Shot Misses the Net.
3:15 of 3rd period - Shot by Justin Williams.
3:15 of 3rd period - Shot Misses the Net.
4:21 of 3rd period - Shot by Nick Suzuki.
4:21 of 3rd period - Goal by Nick Suzuki - WASHINGTON : 0 - TORONTO : 2.
4:22 of 3rd period - Luke Glendening wins face-off versus Nick Suzuki in neutral zone.
4:29 of 3rd period - Shot by Cal Clutterbuck.
4:29 of 3rd period - Shot Hit the Post.
4:45 of 3rd period - Shot by Matt Niskanen.
4:45 of 3rd period - Shot Misses the Net.
5:03 of 3rd period - Icing by Cale Fleury.
5:04 of 3rd period - Cal Clutterbuck wins face-off versus Justin Williams in WASHINGTON zone.
6:10 of 3rd period - Off-side.
6:11 of 3rd period - Sam Bennett wins face-off versus Nick Suzuki in neutral zone.
6:18 of 3rd period - Shot by Christian Fischer.
6:18 of 3rd period - Stopped by Anton Khudobin without a rebound.
6:19 of 3rd period - Sam Bennett wins face-off versus Brayden Point in TORONTO zone.
6:54 of 3rd period - Off-side.
6:55 of 3rd period - Luke Glendening wins face-off versus Jeff Skinner in neutral zone.
7:03 of 3rd period - Cal Clutterbuck is hit by Josh Morrissey and loses puck.
7:08 of 3rd period - Shot by Cal Clutterbuck.
7:08 of 3rd period - Stopped by Anton Khudobin with a rebound.
7:10 of 3rd period - Shot by Cal Clutterbuck.
7:10 of 3rd period - Stopped by Anton Khudobin with a rebound.
7:12 of 3rd period - Shot by Victor Mete.
7:12 of 3rd period - Stopped by Anton Khudobin without a rebound.
7:13 of 3rd period - Mark Scheifele wins face-off versus Ryan O'Reilly in TORONTO zone.
7:34 of 3rd period - Shot by Mark Scheifele.
7:34 of 3rd period - Deflect By Brady Tkachuk.
7:34 of 3rd period - Shot Blocked by Dylan DeMelo.
7:36 of 3rd period - Shot by Mark Scheifele.
7:36 of 3rd period - Stopped by Carter Hart without a rebound.
7:37 of 3rd period - Brayden Point wins face-off versus Jeff Carter in WASHINGTON zone.
8:02 of 3rd period - Shot by Victor Mete.
8:02 of 3rd period - Shot Misses the Net.
8:04 of 3rd period - Shot by Brayden Schenn.
8:04 of 3rd period - Stopped by Anton Khudobin without a rebound.
8:05 of 3rd period - Mark Scheifele wins face-off versus Clayton Keller in TORONTO zone.
8:53 of 3rd period - Icing by Ryan Graves.
8:54 of 3rd period - Ryan O'Reilly wins face-off versus Brayden Point in WASHINGTON zone.
9:21 of 3rd period - Shot by Brayden Point.
9:21 of 3rd period - Stopped by Carter Hart with a rebound.
9:23 of 3rd period - Shot by Alex Pietrangelo.
9:23 of 3rd period - Stopped by Carter Hart without a rebound.
9:24 of 3rd period - Nick Suzuki wins face-off versus Luke Glendening in WASHINGTON zone.
9:31 of 3rd period - Shot by Nick Suzuki.
9:31 of 3rd period - Shot Misses the Net.
9:33 of 3rd period - Shot by Oskar Lindblom.
9:33 of 3rd period - Shot Misses the Net.
9:35 of 3rd period - Shot by Ethan Bear.
9:35 of 3rd period - Stopped by Carter Hart without a rebound.
9:36 of 3rd period - Jeff Carter wins face-off versus Jordan Martinook in WASHINGTON zone.
11:29 of 3rd period - Icing by Alex Pietrangelo.
11:30 of 3rd period - Luke Glendening wins face-off versus Brayden Point in TORONTO zone.
12:09 of 3rd period - Icing by Cale Fleury.
12:10 of 3rd period - Mark Scheifele wins face-off versus Luke Glendening in WASHINGTON zone.
12:13 of 3rd period - Shot by Mark Scheifele.
12:13 of 3rd period - Stopped by Carter Hart without a rebound.
12:14 of 3rd period - Ryan O'Reilly wins face-off versus Justin Williams in WASHINGTON zone.
12:14 of 3rd period - Ryan O'Reilly is hit by Brady Tkachuk.
12:34 of 3rd period - Icing by Victor Hedman.
12:35 of 3rd period - Nick Suzuki wins face-off versus Ryan O'Reilly in WASHINGTON zone.
12:36 of 3rd period - Shot by Jeff Skinner.
12:36 of 3rd period - Stopped by Carter Hart without a rebound.
12:37 of 3rd period - Jeff Carter wins face-off versus Nick Suzuki in WASHINGTON zone.
12:37 of 3rd period - Damon Severson is hit by Jeff Skinner and loses puck.
13:14 of 3rd period - Shot by Nick Suzuki.
13:14 of 3rd period - Shot Blocked by Dylan DeMelo.
13:23 of 3rd period - Icing by Damon Severson.
13:24 of 3rd period - Jeff Carter wins face-off versus Brady Tkachuk in WASHINGTON zone.
13:38 of 3rd period - Icing by Kevin Shattenkirk.
13:39 of 3rd period - Mark Scheifele wins face-off versus Ryan O'Reilly in TORONTO zone.
14:01 of 3rd period - Shot by Justin Williams.
14:01 of 3rd period - Stopped by Carter Hart without a rebound.
14:02 of 3rd period - Luke Glendening wins face-off versus Brayden Point in WASHINGTON zone.
14:02 of 3rd period - Luke Glendening is hit by Joe Pavelski.
15:31 of 3rd period - Shot by Ryan Graves.
15:31 of 3rd period - Shot Misses the Net.
15:43 of 3rd period - Dylan DeMelo is hit by Brady Tkachuk and loses puck.
16:14 of 3rd period - Shot by Brendan Gallagher.
16:14 of 3rd period - Shot Misses the Net.
16:16 of 3rd period - Shot by Damon Severson.
16:16 of 3rd period - Stopped by Anton Khudobin without a rebound.
16:17 of 3rd period - Jeff Skinner wins face-off versus Sam Bennett in TORONTO zone.
16:30 of 3rd period - Shot by Jujhar Khaira.
16:30 of 3rd period - Shot Misses the Net.
16:38 of 3rd period - Shot by Christian Fischer.
16:38 of 3rd period - Stopped by Anton Khudobin without a rebound.
16:39 of 3rd period - Curtis Lazar wins face-off versus Luke Glendening in TORONTO zone.
16:39 of 3rd period - Curtis Lazar is hit by Luke Glendening.
16:42 of 3rd period - Alex Pietrangelo is hit by Cal Clutterbuck and loses puck.
16:46 of 3rd period - Jordan Martinook is hit by Ryan Graves and loses puck.
16:54 of 3rd period - Ryan Reaves is hit by Victor Hedman and loses puck.
17:06 of 3rd period - Curtis Lazar is hit by Ryan Graves and loses puck.
18:55 of 3rd period - Shot by Clayton Keller.
18:55 of 3rd period - Stopped by Anton Khudobin with a rebound.
19:54 of 3rd period - Casey Cizikas is hit by Kevin Shattenkirk and loses puck.
Goals for this period are 0 for WASHINGTON vs 1 for TORONTO.
Shots for this period are 9 for WASHINGTON vs 8 for TORONTO.